AoeStats
← MatzeAoE

Black Forest

505428601Analyzed
1v1 RM · 23d ago on Sep 9, 2026· 21m 8s· 2 players
Game mode
Random Map
Map size
Tiny (2 player)
Population
200
Speed
Normal
Resources
Standard
Victory
Conquest
Starting age
Dark Age
Ending age
Imperial Age
RankedLock teamsTeams togetherTeam positionsShared explorationLock speedFull tech treeHidden civsTurbo modeCheats
Victory
Defeat
🇷🇴 Cumans · Romania
2426
+3
🇩🇪 Vietnamese · Germany
2036
-3
MatzeAoE
2:16 Loom
10:01 Feudal Age
14:06 Castle Age
12:39 Double-Bit Axe
13:46 Loom
15:06 Bow Saw
OS+ | R4v3N_
1:18 Loom
10:47 Feudal Age
14:30 Castle Age
13:06 Double-Bit Axe
Connection lost

Rejoining the realm…

Still unreachable

The connection could not be restored.

Session expired

The server has moved on; the page needs a fresh start.